 Dungeon Crawl Stone Soup version 0.27.0-66-gdc8fb28755 (webtiles) character file.

Game seed: 15762986769721611092

5 nxtlvl the Firebug (level 1, 0/13 HPs)
             Began as a Formicid Fire Elementalist on Aug 19, 2021.
             Shot with an arrow by a centaur (13 damage)
             ... on level 6 of the Dungeon.
             The game lasted 00:02:51 (280 turns).

nxtlvl the Firebug (Formicid Fire Elementalist)      Turns: 280, Time: 00:02:51

Health: 0/13       AC:  2    Str: 12    XL:     1   Next: 88%
Magic:  3/3        EV: 12    Int: 14    God:
Gold:   22         SH:  0    Dex: 11    Spells: 3/4 levels left

rFire    . . .     SeeInvis +   (no weapon)
rCold    . . .     Faith    .   (no shield)
rNeg     . . .     Spirit   .   a - +0 robe
rPois    .         Reflect  .   (helmet unavailable)
rElec    .         Harm     .   (no cloak)
rCorr    .         Rampage  .   (no gloves)
Will     .....                  (no boots)
Stlth    ++........             (no amulet)
HPRegen  0.04/turn              (no ring)
MPRegen  0.08/turn              (no ring)

@: no status effects
A: permanent stasis, dig shafts and tunnels, antennae 3, four strong arms
a: Dig, Shaft Self


You were on level 6 of the Dungeon.
You visited 1 branch of the dungeon, and saw 5 of its levels.

You collected 22 gold pieces.

Inventory:

Hand Weapons
 c - a +0 hunting sling
Armour
 a - a +0 robe (worn)
 f - a +0 leather armour
Scrolls
 b - a scroll of identify {unknown}
 d - a scroll of immolation {unknown}
 e - a scroll of fog {unknown}
Potions
 g - a potion of curing {unknown}


   Skills:
 - Level 1.7 Dodging
 - Level 2.4 Stealth
 - Level 2.1 Spellcasting
 + Level 1.2 Conjurations
 + Level 3.2 Fire Magic


You had 3 spell levels left.
You knew the following spells:

 Your Spells              Type           Power      Damage    Failure   Level
z - Foxfire               Conj/Fire      28%        2x1d5     10%         1

Your spell library contained the following spells:

 Spells                   Type           Power      Damage    Failure   Level
 Conjure Flame            Conj/Fire      7%         6-21      28%         3
 Inner Flame              Hex/Fire       6%         N/A       36%         3
 Sticky Flame             Conj/Fire      7%         2d3       67%         4
 Fireball                 Conj/Fire      3%         3d4       95%         5


Dungeon Overview and Level Annotations

Branches:
Dungeon (4/15)
 Temple: D:4-7

Altars:

Annotations:
D:2 Sigmund


Innate Abilities, Weirdness & Mutations

You cannot be hasted, slowed, berserked, paralysed or teleported.
You can dig through walls and to a lower floor.
You have a pair of large antennae on your head. (SInv)
Your four strong arms can wield two-handed weapons with a shield.


Message History

There are no items here.
The kobold shouts!
Casting: Foxfire (safe; 10% risk of failure)
Confirm with . or Enter, or press ? or * to list all spells.
You conjure some foxfire!
The foxfire hits the kobold but does no damage.
The foxfire hits the kobold.
You kill the kobold!
Found a leather armour.
You see here a +0 leather armour.
f - a +0 leather armour Magic restored.
You open the door.
There is an open door here.
You open the door.
Found 14 stones.
There is an open door here.
You open the door.
There is an open door here.
Found a lumpy silvery potion.
g - a lumpy silvery potion You open the door.
There is an open door here.
You fall into a shaft and drop 2 floors!
The shaft crumbles and collapses.
You hear the hiss of flowing sand.
There is an entrance to an ossuary on this level.
Hurry and find it before the portal is buried!
You sense a monster nearby.
You sense a monster nearby.
An orc priest comes into view. It is wielding a +0 club.
The orc priest shouts!
You hear a shout! x2
The orc priest moves out of view.
You hear a shout!
An orc comes into view. It is wielding a +0 mace.
The orc moves out of view.
A centaur comes into view.
The centaur wields a +0 shortbow.
The centaur shoots an arrow.
The arrow hits you!
Ouch! That really hurt!
You die...

{.#.##
{ {...
... c.
{ #.##
#..#
#.# {
#.# {
#@#
#.# {{
{ #.#
{ #.#
{ #.#
#.#
#.#
#.#
#.#


You could see a centaur.

Vanquished Creatures
  A dart slug (D:3)
  A giant cockroach (D:2)
  A bat (D:2)
  A kobold (D:4)
4 creatures vanquished.

Vanquished Creatures (others)
  18 foxfires
18 creatures vanquished.

Grand Total: 22 creatures vanquished

Notes
Turn   | Place    | Note
-------+----------+-------------------------------------------
     0 | D:1      | nxtlvl the Formicid Fire Elementalist began the quest for
                  | the Orb.
     0 | D:1      | Reached XP level 1. HP: 13/13 MP: 3/3
    21 | D:2      | Noticed Sigmund
    93 | D:2      | Reached skill level 1 in Conjurations
   270 | D:4      | You fall into a shaft and drop 2 floors!
   278 | D:6      | Noticed an orc priest
   280 | D:6      | Noticed a centaur
   280 | D:6      | Shot with an arrow by a centaur

Illustrated notes

Levels and vault maps discovered:
D:1:      dpeg_arrival_line_fractal, layout_basic,
          dilly_ecumenical_altar_fadedgnrine, serial_bayou_pond_d
D:2:      layout_basic, uniq_jessica, uniq_sigmund
D:3:      layout_loops_ring, mainiacjoe_overflow_24_doors,
          general_overflow_altar, lemuel_zombie_altar_yredelemnul, uniq_grinder
D:4:      layout_gridville, lemuel_coloured_pillars_altar, serial_shops,
          nicolae_shop_statue_plus
D:6:      layout_basic, mainiacjoe_overflow_six_doors_small,
          okawaru_metal_pillars_3, nicolae_ossuary_entry_false_entrances,
          ebering_ghost_sewer_f

Skill      XL: |  1 |
---------------+----+-----
Conjurations   | 1 |  1.2
Dodging        | |  1.7
Stealth        | |  2.4
Spellcasting   | |  2.1
Fire Magic     | |  3.2

Action                   || total
-------------------------++-------
 Cast: Foxfire           ||    11
 Abil: Dig               ||     1
Dodge: Dodged            ||     1
